 Dungeon Crawl Stone Soup version 0.25.1-8-g42b30a86e7 (webtiles) character file.

Game seed: 18274813949262449272

5518 Destapler the Cleaver (level 10, -1/88 HPs)
             Began as a Minotaur Monk on Dec 13, 2020.
             Was a Priest of Elyvilon.
             Slain by a hornet (3 damage)
             ... on level 9 of the Dungeon.
             The game lasted 00:17:27 (9229 turns).

Destapler the Cleaver (Minotaur Monk)               Turns: 9229, Time: 00:17:28

Health: -1/88      AC: 15    Str: 19    XL:     10   Next: 43%
Magic:  11/12      EV:  7    Int:  7    God:    Elyvilon [***...]
Gold:   330        SH:  0    Dex: 13    Spells: 9/9 levels left

rFire    . . .     SeeInvis .   a - +0 hand axe (venom)
rCold    . . .     Gourm    .   (no shield)
rNeg     . . .     Faith    .   D - +0 plate armour (curse)
rPois    .         Spirit   .   (helmet restricted)
rElec    .         Reflect  .   m - +0 cloak
rCorr    .         Harm     .   (no gloves)
MR       .....                  (no boots)
Stlth    ..........             (no amulet)
HPRegen  0.24/turn              w - ring of flight
MPRegen  0.13/turn              E - ring of stealth

@: lethally poisoned (-1 -> -2), slowed, very slow
A: retaliatory headbutt, horns 2
a: Lesser Healing, Heal Other, Purification, Divine Protection, Renounce
Religion, Evoke Flight


You were on level 9 of the Dungeon.
You worshipped Elyvilon.
Elyvilon was most pleased with you.
You were not hungry.

You visited 2 branches of the dungeon, and saw 10 of its levels.

You collected 492 gold pieces.
You spent 162 gold pieces at shops.

Inventory:

Hand Weapons
 a - a +0 hand axe of venom (weapon)
Missiles
 s - 4 javelins
 v - 20 boomerangs
 A - 38 poisoned darts (quivered)
Armour
 b - a +0 robe
 m - a +0 cloak (worn)
 D - a cursed +0 plate armour (worn)
Jewellery
 w - a ring of flight (left hand)
 E - a ring of stealth (right hand)
 I - an uncursed ring of protection from fire {unknown}
Wands
 p - a wand of flame (19)
 x - a wand of disintegration (9)
 y - a wand of enslavement (6)
Scrolls
 d - 3 scrolls of blinking {unknown}
 e - 3 scrolls of amnesia {unknown}
 g - 7 scrolls of teleportation {unknown}
 h - a scroll of fear {unknown}
 i - 4 scrolls of magic mapping
 k - 12 scrolls of identify
 n - 8 scrolls of remove curse
 o - a scroll of enchant weapon {unknown}
 r - 3 scrolls of noise {unknown}
 u - 2 scrolls of immolation {unknown}
 G - a scroll of fog {unknown}
Potions
 f - 4 potions of curing
 j - a potion of degeneration {unknown}
 l - a potion of heal wounds {unknown}
 q - a potion of haste {unknown}
 t - a potion of invisibility {unknown}
 z - a potion of ambrosia {unknown}
 B - 3 potions of might {unknown}
 C - a potion of magic {unknown}
 F - 2 potions of resistance {unknown}
 H - a potion of mutation {unknown}
 J - a potion of flight {unknown}
 K - a potion of brilliance {unknown}
Comestibles
 c - 17 rations
 L - 11 chunks of flesh


   Skills:
 + Level 8.0 Fighting
 + Level 13.2 Axes
 + Level 8.0 Armour
 - Level 3.2 Dodging
 - Level 1.5 Stealth
 - Level 5.0 Invocations
 - Level 3.0 Evocations


You had 9 spell levels left.
You didn't know any spells.
Your spell library was empty.

Dungeon Overview and Level Annotations

Branches:
Dungeon (9/15)             Temple (1/1) D:7
   Lair: D:8-11         Orc: D:9-12

Altars:
Ashenzari
Cheibriados
Dithmenos
Elyvilon
Fedhas
Gozag
Hepliaklqana
Kikubaaqudgha
Makhleb
Nemelex Xobeh
Okawaru
Qazlal
Ru
Sif Muna
Trog
Uskayaw
Vehumet
Wu Jian
Xom
Yredelemnul
Zin
The Shining One

Shops:
D:4 [=}*?


Innate Abilities, Weirdness & Mutations

You reflexively headbutt those who attack you in melee.
You have a pair of horns on your head.


Message History

The hornet stings you but does no damage.
The orc wizard hits you but does no damage.
The hornet stings you but does no damage.
You hit the hornet but do no damage.
The hornet is poisoned.
Your headbutt misses the hornet.
Your plate armour prevents you from hitting the orc wizard.
You feel sick.
The orc wizard mumbles some strange words.
The orc wizard blinks!
The hornet stings you!
* * * LOW HITPOINT WARNING * * *
You feel as though you will be slow longer.
You are healed.
You feel somewhat more hungry.
The orc wizard mumbles some strange words.
The orc wizard blinks!
The hornet stings you but does no damage.
The orc priest calls down the wrath of Beogh upon you.
Beogh smites you!
* * * LOW HITPOINT WARNING * * *
The hornet stings you.
You die...

#......_..........##
##.................. .#
##............ยง.#####.#
#.......o............##
##............#.......
#...................# #.#
###........##....##.###.#
###...yoo##....#...##.#
####@#.##......_.....
###.####.##...#... #y#
#.###.##... #o#
#.###...... #o#
#..........
#o########......
#.R..........###
.o.....####.## # ..>..
#.## #


You could see a hornet (poisoned), an orc priest, an orc wizard (fast, very
poisoned) and an orc.

Vanquished Creatures
  A two-headed ogre (D:8)
  2 hippogriffs
  A wyvern (D:8)
  3 yaks (D:7)
  A warg (D:9)
  A water moccasin (D:9)
  2 orc warriors
  3 sky beasts
  An ice beast (D:7)
  2 necrophages
  6 ogres
  A phantom (D:5)
  6 centaurs
  A crocodile (D:8)
  A big kobold (D:7)
  7 bullfrogs
  A wyvern skeleton (D:8)
  7 killer bees
  A howler monkey (D:8)
  3 crimson imps
  Crazy Yiuf (D:2)
  2 bullfrog zombies
  An orc priest (D:7)
  3 hounds
  A bullfrog skeleton (D:5)
  5 iguanas
  3 orc wizards
  2 centaur skeletons
  Natasha (thrice) (D:2)
  3 worker ants
  2 hound zombies (D:6)
  Robin (D:2)
  5 adders
  4 shadow imps
  An ooze (D:5)
  An adder skeleton (D:5)
  3 worms
  4 leopard geckos
  13 orcs
  9 bats
  3 giant cockroaches
  8 hobgoblins
  13 jackals
  2 quokkas
  2 ball pythons (D:7)
  4 frilled lizards
  11 goblins
  8 kobolds
  A quokka skeleton (D:4)
  7 rats
  A spectral orc (D:6)
178 creatures vanquished.

Notes
Turn   | Place    | Note
-------+----------+-------------------------------------------
     0 | D:1      | Destapler the Minotaur Monk began the quest for the Orb.
     0 | D:1      | Reached XP level 1. HP: 19/19 MP: 0/0
    60 | D:1      | Reached skill level 4 in Axes
   212 | D:1      | Reached XP level 2. HP: 26/26 MP: 1/1
   999 | D:2      | Noticed Natasha
  1006 | D:2      | Killed Natasha
  1006 | D:2      | Reached skill level 5 in Axes
  1006 | D:2      | Reached XP level 3. HP: 31/31 MP: 2/2
  1119 | D:2      | You fall into a shaft and drop 2 floors!
  1119 | D:4      | Found Vaify's Jewellery Boutique.
  1119 | D:4      | Found Woryfila's Armour Emporium.
  1120 | D:4      | Noticed an ogre
  1132 | D:4      | Killed an ogre
  1132 | D:4      | Reached skill level 6 in Axes
  1132 | D:4      | Reached XP level 4. HP: 10/39 MP: 3/3
  1405 | D:4      | Reached skill level 7 in Axes
  1405 | D:4      | Reached XP level 5. HP: 45/45 MP: 4/4
  1416 | D:4      | Found Xaerghei's General Store.
  1573 | D:2      | Noticed Natasha
  1577 | D:2      | Noticed Robin
  1579 | D:2      | Killed Natasha
  1624 | D:2      | Killed Robin
  2032 | D:2      | Found a runed translucent door.
  2033 | D:2      | Noticed Crazy Yiuf
  2041 | D:2      | Killed Crazy Yiuf
  2041 | D:2      | Reached skill level 8 in Axes
  2294 | D:2      | Noticed Natasha
  2299 | D:2      | Killed Natasha
  2299 | D:2      | Reached XP level 6. HP: 51/51 MP: 5/5
  2476 | D:3      | Found an ancient bone altar of Kikubaaqudgha.
  2787 | D:3      | Found a stormy altar of Qazlal.
  2840 | D:3      | Found a sparkling altar of Nemelex Xobeh.
  2841 | D:3      | Found an opulent altar of Gozag.
  3158 | D:4      | Noticed a hippogriff
  3169 | D:4      | Killed a hippogriff
  3169 | D:4      | Reached skill level 1 in Evocations
  3169 | D:4      | Reached XP level 7. HP: 29/60 MP: 5/7
  3382 | D:4      | Found Wanuyss's Magic Scroll Shoppe.
  3385 | D:4      | Bought a scroll of magic mapping for 45 gold pieces
  3385 | D:4      | Bought a scroll of identify for 26 gold pieces
  3385 | D:4      | Bought a scroll of remove curse for 39 gold pieces
  3385 | D:4      | Bought a scroll of identify for 26 gold pieces
  3385 | D:4      | Bought a scroll of identify for 26 gold pieces
  3450 | D:4      | Found Atuolez's Gadget Shoppe.
  3610 | D:5      | Entered Level 5 of the Dungeon
  4058 | D:5      | Reached skill level 9 in Axes
  4096 | D:5      | Reached skill level 5 in Fighting
  4424 | D:5      | Found a burning altar of Makhleb.
  4490 | D:5      | Reached XP level 8. HP: 44/68 MP: 9/9
  5119 | D:6      | Found a radiant altar of Vehumet.
  5258 | D:6      | Reached skill level 10 in Axes
  5258 | D:6      | Reached skill level 5 in Armour
  5470 | D:6      | Found a basalt altar of Yredelemnul.
  5664 | D:6      | Reached skill level 11 in Axes
  5991 | D:7      | Found a staircase to the Ecumenical Temple.
  6013 | Temple   | Entered the Ecumenical Temple
  6114 | Temple   | Became a worshipper of Elyvilon the Healer
  6114 | Temple   | Reached * piety under Elyvilon
  6114 | Temple   | Reached ** piety under Elyvilon
  6200 | D:7      | Reached XP level 9. HP: 60/74 MP: 10/10
  6278 | D:7      | Reached skill level 12 in Axes
  6278 | D:7      | Reached skill level 1 in Invocations
  6813 | D:7      | Found a hide-covered altar of Uskayaw.
  7282 | D:8      | Noticed a two-headed ogre
  7291 | D:8      | You fall into a shaft and drop 1 floor!
  7357 | D:9      | Reached skill level 5 in Invocations
  7623 | D:9      | Reached XP level 10. HP: 84/84 MP: 12/12
  8240 | D:8      | Killed a two-headed ogre
  8240 | D:8      | Reached skill level 13 in Axes
  8561 | D:8      | Found an iron altar of Okawaru.
  8595 | D:8      | Reached *** piety under Elyvilon
  9174 | D:9      | Found a hazy altar of Hepliaklqana.
  9192 | D:9      | Found a bloodstained altar of Trog.
  9229 | D:9      | HP: 2/88 [orc priest/divine providence (13)]
  9229 | D:9      | Slain by a hornet

Illustrated notes

Levels and vault maps discovered:
D:1:      minmay_arrival_stone_box, layout_basic, minmay_misc_feat_enclosed,
          grunt_decor_fettered
D:2:      layout_loops_cross, uniq_natasha, uniq_crazy_yiuf_cottage, uniq_robin
D:3:      layout_rooms, grunt_temple_overflow_opulence, lemuel_crystal_altar,
          nicolae_qazlal_eye_of_the_storm
D:4:      layout_rooms, serial_shops, kennysheep_mini, kennysheep_mini_moat,
          nicolae_shop_stone, shop, shop
D:5:      layout_basic, kennysheep_little_box, first_ration
D:6:      layout_basic, yredelemnul_forgotten_temple_becter, lemuel_doored_altar
D:7:      layout_rooms, marbit_many_paths, minmay_temple_entry_mini_moons
D:8:      layout_layer_cave, okawaru_gym_becter
D:9:      layout_cave_pods, nicolae_overflow_crystal_walls, david_orc_3,
          bloody_trog
Temple:   nicolae_temple_x_marks_the_god

Skill      XL: |  1  2  3  4  5  6  7  8  9 10 |
---------------+-------------------------------+-----
Axes           | 4 5 6 7 8 9 11 12 13 | 13.2
Fighting       | 4 5 6 8 |  8.0
Armour         | 2 4 5 6 8 |  8.0
Evocations     | 1 3 |  3.0
Invocations    | 5 |  5.0
Dodging        | |  3.2
Stealth        | |  1.5

Action                   |  1- 3 |  4- 6 |  7- 9 | 10-12 || total
-------------------------+-------+-------+-------+-------++-------
Melee: Hand axe          |    44 |   111 |   298 |    97 ||   550
       Headbutt          |     3 |    16 |    61 |    19 ||    99
Throw: Dart              |       |       |       |     6 ||     6
Invok: Lesser Healing    |       |       |       |     2 ||     2
  Use: Potion            |     1 |       |     1 |       ||     2
 Stab: Sleeping          |     5 |     2 |     1 |       ||     8
  Eat: Chunk             |     1 |     6 |    14 |     5 ||    26
Armor: Robe              |     2 |    22 |     2 |       ||    26
       Plate armour      |       |       |   154 |    51 ||   205
Dodge: Dodged            |    29 |    64 |   112 |    29 ||   234
